 Dungeon Crawl Stone Soup version 0.31-a0-523-g071a6c1ffa (console) character file.

Game seed: 8035037753071436040

3298 Lexodia the Covert (level 9, -3/50 HPs)
             Began as a Vampire Enchanter on Aug 11, 2023.
             Was a Follower of Uskayaw.
             Slain by an orc warrior
             ... wielding a +0 glaive
              (14 damage)
             ... in a bailey.
             The game lasted 00:16:16 (6146 turns).

Lexodia the Covert (Vampire Enchanter)              Turns: 6146, Time: 00:16:17

Health: -3/50      AC:  4    Str:  5 (7)  XL:     9   Next: 70%
Magic:  9/15       EV: 17    Int: 15 (17) God:    Uskayaw [*.....]
Gold:   472        SH:  0    Dex: 29 (31) Spells: 8/16 levels left

rFire   . . .        F - +2 dagger (speed)
rCold   + + .        (no shield)
rNeg    + + +        b - +0 robe
rPois   ∞            (no helmet)
rElec   .            i - +1 cloak
rCorr   .            (no gloves)
SInv    +            z - +0 pair of boots
Will    .....        (no amulet)
Stlth   +++++++      j - +6 ring of dexterity
HPRegen 0.00/turn    y - +6 ring of dexterity
MPRegen 0.14/turn

%: no passive effects
@: bloodless, inhibited regen
A: bloodless, fangs 3, see invisible, vampiric 2, deformed body, sense
surroundings 1, no potion heal 1
a: Bat Form, Revivify, Renounce Religion, Stomp


You were in a bailey.
You worshipped Uskayaw.
Uskayaw was noncommittal.
You visited 2 branches of the dungeon, and saw 8 of its levels.
You also visited: Bailey.

You collected 472 gold pieces.

Inventory:

Hand Weapons
 a - a +1 dagger
 F - a +2 dagger of speed (weapon)
Missiles
 h - 2 throwing nets
 m - 16 poisoned darts
 n - 8 javelins
Armour
 b - a +0 robe (worn)
 i - a +1 cloak (worn)
 z - a +0 pair of boots (worn)
Jewellery
 e - a ring of flight
 j - a +6 ring of dexterity (left hand)
 l - a ring of wizardry
 q - a ring of magical power
 y - a +6 ring of dexterity (right hand)
 G - a ring of fire
Wands
 x - a wand of paralysis (26)
Scrolls
 f - 2 scrolls of enchant armour {unknown}
 g - 2 scrolls of vulnerability {unknown}
 k - 2 scrolls of torment {unknown}
 o - 2 scrolls of fear {unknown}
 r - 3 scrolls of teleportation
 t - 2 scrolls of fog {unknown}
 u - 3 scrolls of poison {unknown}
 w - a scroll of immolation {unknown}
 A - a scroll of silence {unknown}
 B - 2 scrolls of amnesia {unknown}
 C - a scroll of revelation {unknown}
 E - a scroll of noise {unknown}
Potions
 c - 2 potions of invisibility
 d - 2 potions of curing
 p - 2 potions of degeneration
 s - a potion of enlightenment
 v - a potion of might {unknown}
 D - 2 potions of attraction


   Skills:
 - Level 3.0 Fighting
 * Level 8.1 Short Blades
 + Level 3.6 Throwing
 + Level 5.1 Dodging
 + Level 9.1 Stealth
 - Level 4.0 Spellcasting
 + Level 8.1 Hexes
 - Level 2.0 Ice Magic
 + Level 2.8 Invocations


You had 8 spell levels left.
You knew the following spells:

 Your Spells              Type           Power      Damage    Failure   Level
a - Ensorcelled Hibernat  Hex/Ice        36%        N/A       3%          2
b - Confusing Touch       Hex            27%        N/A       1%          3
c - Tukima's Dance        Hex            27%        N/A       1%          3

Your spell library contained the following spells:

 Spells                   Type           Power      Damage    Failure   Level
 Dazzling Flash           Conj/Hex       30%        N/A       10%         3
 Inner Flame              Hex/Fire       15%        N/A       10%         3
 Poisonous Vapours        Pois/Air       6%         N/A       26%         2
 Mephitic Cloud           Conj/Pois/Air  3%         N/A       47%         3
 Yara's Violent Unravell  Hex/Tmut       7%         3d5       67%         5
 Freezing Cloud           Conj/Ice/Air   2%         6-21      98%         5
 Enfeeble                 Hex            13%        N/A       99%         7


Dungeon Overview and Level Annotations

Branches:
Dungeon (7/15)             Temple (1/1) D:6          Bailey (1/1)

Altars:
Ashenzari
Cheibriados
Dithmenos
Fedhas
Hepliaklqana
Kikubaaqudgha
Makhleb
Nemelex Xobeh
Okawaru
Qazlal
Ru
Sif Muna
Uskayaw
Vehumet
Wu Jian
Xom
Yredelemnul
Lugonu

Annotations:
Bailey 2 runed translucent doors


Innate Abilities, Weirdness & Mutations

You do not regenerate when monsters are visible.
You are frail without blood (-20% HP).
You can heal yourself when you bite living creatures.
You are immune to poison.
You have razor-sharp teeth.
You have supernaturally acute eyesight. (SInv)
You are afflicted with vampirism and can become a bat while bloodless.
Armour fits poorly on your strangely shaped body.
You passively map a small area around you.
Potions are less effective at restoring your health.


Message History

The orc warrior closely misses you.
Damage: -10%(-5hp) hp: 54%(27hp)
The helpless orc fails to defend itself.
You bite the orc, and draw its blood!
You feel better.
You stick the orc like a pincushion!!!!
You kill the orc!
The orc misses you.
The orc warrior hits you with a +0 glaive!
Damage: -10%(-5hp) hp: 44%(22hp)
The orc completely misses you. The orc warrior closely misses you.
Things that are here:
a +0 spear; a +0 scale mail; an orc corpse
Casting: Ensorcelled Hibernation (safe; 3% risk of failure)
Confirm with . or Enter, or press ? or * to list all spells.
Aiming: Ensorcelled Hibernation (safe; 3% risk of failure)
Press: ? - help, Shift-Dir - straight line, f - orc
Aim: an orc, wielding a +0 trident and wearing a +0 scale mail (chance to affect: 68%)
The orc looks drowsy...
The orc warrior closely misses you.
The helpless orc fails to defend itself.
You bite the orc, and draw its blood!
You feel better.
You perforate the orc like a sieve!!!!
You kill the orc!
The orc warrior hits you from afar with a +0 glaive!
Huge Dmg: -22%(-11hp) hp: 40%(20hp)
The orc closely misses you.
Casting: Ensorcelled Hibernation (safe; 3% risk of failure)
Confirm with . or Enter, or press ? or * to list all spells.
Aiming: Ensorcelled Hibernation (safe; 3% risk of failure)
Press: ? - help, Shift-Dir - straight line, f - orc
Aim: an orc, wielding a +0 trident and wearing a +0 chain mail (chance to affect: 68%)
The orc looks drowsy...
The orc warrior closely misses you.
The helpless orc fails to defend itself.
You bite the orc, and draw its blood!
You feel better.
You skewer the orc like a kebab!!!!
You kill the orc!
The orc warrior hits you from afar with a +0 glaive!!
* * * LOW HITPOINT WARNING * * *
Huge Dmg: -18%(-9hp) hp: 22%(11hp)
The orc warrior hits you with a +0 glaive!
You die...

♣..≈≈≈≈≈..♣# ** #..≈≈≈≈...# ##
####o #..≈≈≈≈≈..####
.,,,......o#..o≈≈≈≈.....###
o,,.......##...≈≈≈≈..♣♣...♣♣♣
#*######..#...o≈≈≈≈..♣......♣♣
##...?##8.#...######.........♣
#....[|#..#...)..o...))...∩..♣
+e.##=!#..'....)@...)........♣
+..##![#..').........).......♣
#....$$#..#.......).......∩..♣
##...!##8.#...######.........♣
########..#....≈≈≈≈.........♣♣
)...).)...##.♣.≈≈≈≈..♣....♣♣♣
..........)#...≈≈≈≈.....###
#########)$#..♣≈≈≈≈..♣.##
####..♣≈≈≈≈≈...#


You could see an orc warrior.

Vanquished Creatures
  A two-headed ogre (D:7)
  An orc knight (Bailey)
  Prince Ribbit (D:5)
  2 water moccasins
  Duvessa (D:5)
  8 orc warriors
  A black bear (D:4)
  An ogre (D:4)
  Blork the orc (D:5)
  A bullfrog (D:6)
  A scorpion (D:5)
  Dowan (D:5)
  A howler monkey (D:6)
  A crimson imp (D:4)
  A jelly (D:7)
  An orc priest (D:5)
  2 sleepcaps
  Jessica (D:2)
  3 iguanas
  7 orc wizards
  5 adders
  2 shadow imps
  2 white imps
  3 worms
  A dart slug (D:3)
  18 orcs
  11 endoplasms
  3 giant cockroaches
  2 goblins
  4 hobgoblins
  2 jackals (D:3)
  6 kobolds
  5 quokkas
  4 ball pythons
  2 bats (D:1)
  4 frilled lizards (D:3)
  6 rats
117 creatures vanquished.

Notes
Turn   | Place    | Note
-------+----------+-------------------------------------------
     0 | D:1      | Lexodia the Vampire Enchanter began the quest for the Orb.
     0 | D:1      | Reached XP level 1. HP: 13/13 MP: 3/3
   308 | D:1      | Reached XP level 2. HP: 19/19 MP: 5/5
   314 | D:1      | Huge Dmg: 4 dmg
   338 | D:1      | Huge Dmg: 4 dmg
   341 | D:1      | Huge Dmg: 4 dmg
   342 | D:1      | Huge Dmg: 3 dmg
   460 | D:1      | Learned a level 2 spell: Ensorcelled Hibernation
  1103 | D:2      | Reached skill level 5 in Stealth
  1191 | D:2      | Noticed Jessica
  1192 | D:2      | Killed Jessica
  1193 | D:2      | Gained mutation: You are afflicted with vampirism and can
                  | become a bat while bloodless. [Vampire growth]
  1193 | D:2      | Reached XP level 3. HP: 20/20 MP: 6/6
  1423 | D:2      | Reached XP level 4. HP: 24/24 MP: 3/7
  2037 | D:3      | Reached skill level 1 in Fighting
  2142 | D:3      | Reached skill level 1 in Ice Magic
  2297 | D:3      | Found an ancient bone altar of Kikubaaqudgha.
  2310 | D:3      | Found a sacrificial altar of Ru.
  2436 | D:3      | Found a basalt altar of Yredelemnul.
  2988 | D:4      | Noticed a black bear
  2992 | D:4      | Killed a black bear
  2993 | D:4      | Reached skill level 5 in Hexes
  2993 | D:4      | Reached XP level 5. HP: 29/29 MP: 5/8
  3049 | D:4      | Identified the +4 scale mail of Tomorrow {*Slow +Blink
                  | Dex+8 Slay-6}
  3215 | D:4      | Noticed an ogre
  3222 | D:4      | Killed an ogre
  3223 | D:4      | Reached skill level 1 in Throwing
  3223 | D:4      | Reached XP level 6. HP: 35/35 MP: 9/9
  3501 | D:4      | Reached skill level 6 in Stealth
  3860 | D:4      | Learned a level 3 spell: Confusing Touch
  3864 | D:4      | Learned a level 3 spell: Tukima's Dance
  3865 | D:5      | Entered Level 5 of the Dungeon
  3868 | D:5      | Huge Dmg: 12 dmg
  3870 | D:5      | Huge Dmg: 6 dmg
  3874 | D:5      | Huge Dmg: 5 dmg
  3993 | D:5      | Noticed a water moccasin
  4009 | D:5      | Killed a water moccasin
  4010 | D:5      | Reached XP level 7. HP: 40/40 MP: 10/10
  4010 | D:5      | Noticed Prince Ribbit
  4060 | D:5      | Killed Prince Ribbit
  4061 | D:5      | Reached skill level 5 in Short Blades
  4062 | D:5      | Noticed Duvessa
  4062 | D:5      | Noticed Dowan
  4062 | D:5      | Noticed Blork the orc
  4073 | D:5      | Killed Duvessa
  4075 | D:5      | Killed Dowan
  4084 | D:5      | Killed Blork the orc
  4085 | D:5      | Reached skill level 7 in Stealth
  4176 | D:5      | Reached XP level 8. HP: 45/45 MP: 7/12
  4217 | D:5      | Gained mutation: Potions are less effective at restoring
                  | your health. [potion of mutation]
  4217 | D:5      | Gained mutation: Armour fits poorly on your strangely
                  | shaped body. [potion of mutation]
  4217 | D:5      | Gained mutation: You passively map a small area around you.
                  | [potion of mutation]
  4371 | D:5      | Found a hazy altar of Hepliaklqana.
  4378 | D:5      | Found a shimmering blue altar of Sif Muna.
  4378 | D:5      | Found an ornate altar of the Wu Jian Council.
  4379 | D:5      | Found a stormy altar of Qazlal.
  4380 | D:5      | Found a sparkling altar of Nemelex Xobeh.
  4381 | D:5      | Found an iron altar of Okawaru.
  4831 | D:6      | Found a staircase to the Ecumenical Temple.
  4849 | Temple   | Entered the Ecumenical Temple
  4865 | Temple   | Became a worshipper of Uskayaw the Reveller
  5000 | D:6      | Reached * piety under Uskayaw
  5076 | D:6      | Reached ** piety under Uskayaw
  5414 | D:6      | Reached *** piety under Uskayaw
  5416 | D:6      | Reached skill level 1 in Invocations
  5679 | D:7      | Noticed a two-headed ogre
  5681 | D:7      | Killed a two-headed ogre
  5682 | D:7      | Reached skill level 8 in Stealth
  5682 | D:7      | Reached XP level 9. HP: 50/50 MP: 12/14
  5768 | D:7      | Found a flagged portal.
  5812 | Bailey   | Entered a bailey
  5869 | Bailey   | Found a large runed translucent door.
  5869 | Bailey   | Found a large runed translucent door.
  5870 | Bailey   | Noticed a deep elf pyromancer
  5870 | Bailey   | Noticed an orc knight
  5879 | Bailey   | Huge Dmg: 14 dmg
  5881 | Bailey   | Huge Dmg: 30 dmg
  5946 | Bailey   | Killed an orc knight
  5947 | Bailey   | Reached skill level 5 in Dodging
  5947 | Bailey   | Reached skill level 9 in Stealth
  5981 | Bailey   | Huge Dmg: 15 dmg
  5982 | Bailey   | Huge Dmg: 14 dmg
  6139 | Bailey   | Huge Dmg: 11 dmg
  6146 | Bailey   | Huge Dmg: 9 dmg
  6146 | Bailey   | Slain by an orc warrior

Illustrated notes

Levels and vault maps discovered:
D:1:      sevenhm_arrival_forest_fort_small_3, layout_basic
D:2:      layout_loops_ring, uniq_jessica
D:3:      layout_rooms, kennysheep_ying_yang, mainiacjoe_overflow_catwalk,
          mainiacjoe_overflow_big_doors, serial_curves, eino_curves_02,
          eino_curves_03, eino_curves_04
D:4:      layout_basic, minmay_fire_ice_demons
D:5:      layout_loops_ring, minitemple, uniq_duvessa, uniq_blork_the_orc,
          uniq_prince_ribbit1
D:6:      layout_loops_ring, minmay_temple_entry_grid, nicolae_fountain_basement
D:7:      layout_loops_corners, enter_bailey_2, gammafunk_ghost_cemetery,
          hangedman_decor_points, uniq_crazy_yiuf_cottage
Temple:   corrupted_temple
Bailey:   bailey_polearm_elven_captive_hellmonk, bailey

Skill      XL: |  1  2  3  4  5  6  7  8  9 |
---------------+----------------------------+-----
Short Blades   | 2 3 4 5 7 8 |  8.1
Stealth        | 5 6 7 8 9 |  9.1
Fighting       | 1 2 3 |  3.0
Ice Magic      | 1 2 |  2.0
Hexes          | 5 6 7 8 |  8.1
Throwing       | 1 2 3 |  3.6
Dodging        | 3 4 5 |  5.1
Spellcasting   | 3 4 |  4.0
Invocations    | 1 2 |  2.8

Action                     |  1- 3 |  4- 6 |  7- 9 || total
---------------------------+-------+-------+-------++-------
  Melee: Dagger            |    54 |    58 |    83 ||   195
         Bite              |     3 |     4 |     7 ||    14
         Punch             |     1 |       |     1 ||     2
  Throw: Dart              |     6 |       |       ||     6
   Cast: Ensorcelled Hiber |     6 |    11 |    40 ||    57
         Confusing Touch   |       |       |     1 ||     1
 Invoke: Line Pass         |       |       |     1 ||     1
Ability: Exsanguinate      |     1 |       |       ||     1
         End Transformatio |       |       |     1 ||     1
         Bat Form          |       |       |     1 ||     1
    Use: Potion            |       |     2 |     1 ||     3
         Scroll            |       |       |     5 ||     5
   Stab: Sleeping          |    18 |    28 |    41 ||    87
         Paralysed         |       |       |     1 ||     1
         Confused          |       |       |     1 ||     1
 Armour: Robe              |     7 |     5 |     7 ||    19
  Dodge: Dodged            |    30 |    28 |    61 ||   119

Table legend: (Time is in decaauts)
 A = Elapsed time spent in this place.
 B = Non-inter-level travel time spent in this place.
 C = Inter-level travel time spent in this place.
 D = Time resting spent in this place.
 E = Time spent auto-exploring this place.
 F = Levels seen in this place.
 G = Mean time per level.
                   A        B        C        D        E       F      G
               +--------+--------+--------+--------+--------+-----+--------+
         Total |   6060 |   5746 |    314 |     82 |   4622 |   9 |  673.3 |
       Dungeon |   5727 |   5443 |    284 |     33 |   4566 |   7 |  818.1 |
        Temple |     32 |      2 |     30 |      0 |      0 |   1 |   32.0 |
        Bailey |    299 |    299 |      0 |     49 |     56 |   1 |  299.0 |
               +--------+--------+--------+--------+--------+-----+--------+

Top non-repeatable levels by time:
     D:4: 1235 daAuts
     D:1: 1142 daAuts
     D:2: 842 daAuts
     D:5: 829 daAuts
     D:3: 743 daAuts
     D:6: 661 daAuts
  Bailey: 299 daAuts
     D:7: 271 daAuts
  Temple: 32 daAuts
